 Dungeon Crawl Stone Soup version 0.28.0 (webtiles) character file.

Game seed: 15373329491886479074

70630 SnakkuSnakku7 the Severer (level 15, -1/141 HPs)
             Began as a Hill Orc Fighter on Feb 17, 2022.
             Was a High Priest of the Shining One.
             Slain by a sixfirhy (12 damage)
             ... summoned by an orc sorcerer
             ... while paralysed by an orc sorcerer
             ... on level 2 of the Orcish Mines.
             The game lasted 00:31:26 (21532 turns).

SnakkuSnakku7 the Severer (Hill Orc Fighter)       Turns: 21532, Time: 00:31:26

Health: -1/141     AC: 21    Str: 31    XL:     15   Next: 33%
Magic:  24/24      EV:  2    Int:  8    God:    the Shining One [*****.]
Gold:   2602       SH:  0    Dex: 20    Spells: 14/14 levels left

rFire   + . .      SeeInvis .   a - +5 broad axe (vorpal)
rCold   . . .      Faith    .   c - +0 buckler
rNeg    + + .      Spirit   .   U - +3 chain mail of Woziasaf {rF+ Dex+2}
rPois   .          Reflect  +   b - +0 helmet
rElec   .          Harm     .   O - scarf {repulsion}
rCorr   .          Rampage  .   M - +0 pair of gloves
Will    +....                   d - +1 pair of boots
Stlth   ..........              P - amulet of reflection
HPRegen 0.33/turn               o - +6 ring of dexterity
MPRegen 0.19/turn               z - +6 ring of strength

@: paralysed, lethally poisoned (-1 -> -14), glowing, repel missiles
A: no striking features
a: Renounce Religion, Divine Shield, Cleansing Flame, Summon Divine Warrior


You were on level 2 of the Orcish Mines.
You worshipped the Shining One.
The Shining One was extremely pleased with you.
You visited 4 branches of the dungeon, and saw 24 of its levels.
You also visited: Sewer and Ice Cave.

You collected 2602 gold pieces.

Inventory:

Hand Weapons
 a - a +5 vorpal broad axe (weapon)
 y - a +1 war axe of protection
Missiles
 t - 8 curare-tipped darts (quivered)
 C - a throwing net
Armour
 b - a +0 helmet (worn)
 c - a +0 buckler (worn)
 d - a +1 pair of boots (worn)
 k - a +2 chain mail of cold resistance
 q - a +2 chain mail of poison resistance
 M - a +0 pair of gloves (worn)
 O - a scarf of repulsion (worn)
 U - the +3 chain mail of Woziasaf (worn) {rF+ Dex+2}
   (You found it on level 12 of the Dungeon)

   Dex:       It affects your dexterity (+2).
   rF:        It protects you from fire.
Jewellery
 i - a ring of protection from fire
 l - an amulet of the acrobat
 o - a +6 ring of dexterity (left hand)
 z - a +6 ring of strength (right hand)
 N - a ring of flight
 P - an amulet of reflection (around neck)
 T - an amulet of guardian spirit
Wands
 j - a wand of digging (12)
 J - a wand of paralysis (4)
Scrolls
 m - 2 scrolls of vulnerability
 p - 2 scrolls of brand weapon
 x - 7 scrolls of teleportation
 B - 2 scrolls of fear
 F - a scroll of immolation
 L - a scroll of silence
 Q - a scroll of summoning
 R - 2 scrolls of fog
 S - a scroll of identify
Potions
 f - 3 potions of mutation
 g - 6 potions of attraction
 h - a potion of resistance
 n - 3 potions of lignification
 r - 3 potions of haste
 s - 4 potions of brilliance
 u - 5 potions of flight
 v - 9 potions of curing
 w - a potion of berserk rage
 A - 3 potions of magic
 D - 2 potions of cancellation
 G - 2 potions of ambrosia
 H - 2 potions of heal wounds
Miscellaneous
 I - a lightning rod (4/4)


   Skills:
 - Level 15.0 Fighting
 + Level 16.0 Axes
 - Level 12.3 Armour
 - Level 10.0 Dodging
 - Level 3.2 Shields
 - Level 12.0 Invocations
 - Level 10.0 Evocations


You had 14 spell levels left.
You didn't know any spells.
Your spell library contained the following spells:

 Spells                   Type           Power      Damage    Failure   Level
 Animate Skeleton         Necr           0%         N/A       89%         1
 Pain                     Necr           0%         1d4       89%         1
 Sandblast                Erth           0%         2d4       89%         1
 Slow                     Hex            0%         N/A       89%         1
 Passwall                 Tmut/Erth      0%         N/A       96%         2
 Scorch                   Fire           0%         2d5       96%         2
 Sublimation of Blood     Necr           0%         N/A       96%         2
 Confusing Touch          Hex            0%         N/A       99%         3
 Ozocubu's Armour         Ice            0%         N/A       99%         3
 Stone Arrow              Conj/Erth      0%         3d7       99%         3
 Vampiric Draining        Necr           0%         2d6       99%         3
 Airstrike                Air            0%         N/A       100%        4
 Flame Wave               Conj/Fire      0%         2d4       100%        4
 Passage of Golubria      Tloc           0%         N/A       100%        4
 Petrify                  Tmut/Erth      0%         N/A       100%        4
 Summon Ice Beast         Ice/Summ       0%         N/A       100%        4
 Summon Lightning Spire   Summ/Air       0%         N/A       100%        4
 Agony                    Necr           0%         N/A       100%        5
 Excruciating Wounds      Necr           0%         N/A       100%        5
 Irradiate                Conj/Tmut      0%         3d13      100%        5
 Lightning Bolt           Conj/Air       0%         1d11      100%        5
 Silence                  Hex/Air        0%         N/A       100%        5
 Statue Form              Tmut/Erth      0%         N/A       100%        6
 Summon Cactus Giant      Summ           0%         N/A       100%        6
 Monstrous Menagerie      Summ           0%         N/A       100%        7
 Ozocubu's Refrigeration  Ice            0%         4d5       100%        7
 Lehudib's Crystal Spear  Conj/Erth      0%         10d2      100%        8


Dungeon Overview and Level Annotations

Branches:
Dungeon (15/15)            Temple (1/1) D:5            Lair (6/6) D:8
 Shoals (0/4) Lair:3       Spider (0/4) Lair:4        Slime (0/5) Lair:6
    Orc (2/2) D:12          Sewer (visited)           IceCv (visited)
    Elf: Orc:2       Vaults: D:13-14     Depths: D:15

Altars:
Ashenzari
Dithmenos
Elyvilon
Gozag
Hepliaklqana
Kikubaaqudgha
Makhleb
Okawaru
Qazlal
Sif Muna
Trog
Uskayaw
Vehumet
Wu Jian
Xom
Zin
The Shining One

Shops:
D:5 *

Portals:
Abyss: D:9

Annotations:
D:7 exclusions: electric eel and 2 more exclusions
D:9 2 transporters, DeviousJester's ghost, novice DrFi
Lair:6 exclusion: ice statue


Message History

The orc sorcerer casts a spell.
The sixfirhy hits you but does no damage.
The sixfirhy hits you but does no damage. x2
The orc sorcerer gestures wildly while chanting.
The hellwing swoops through the air toward you!
The hellwing hits you.
The hellwing hits you but does no damage.
The orc hits you but does no damage. The sixfirhy hits you!
The sixfirhy shocks you!
The sixfirhy hits you but does no damage.
The orc sorcerer hits you with a +0 dagger of venom.
You are poisoned.
The hellwing hits you but does no damage. x2
The orc hits you from afar with a +0 trident.
You feel sick. The orc hits you but does no damage.
The orc sorcerer hits you but does no damage.
You are more poisoned.
The hellwing hits you but does no damage. x2
The orc hits you but does no damage.
You feel very sick.
The sixfirhy hits you but does no damage. x2
The sixfirhy hits you! The sixfirhy shocks you! The sixfirhy hits you.
The sixfirhy shocks you! The orc hits you with a +0 mace.
* * * LOW HITPOINT WARNING * * *
The orc sorcerer hits you but does no damage.
You are more poisoned.
The orc hits you from afar with a +0 trident.
* * * LOW HITPOINT WARNING * * *
The hellwing hits you but does no damage.
The hellwing hits you.
* * * LOW HITPOINT WARNING * * *
You feel very sick. The sixfirhy hits you.
* * * LOW HITPOINT WARNING * * *
The sixfirhy shocks you!
* * * LOW HITPOINT WARNING * * *
The sixfirhy hits you!
* * * LOW HITPOINT WARNING * * *
The sixfirhy shocks you!
You die...

........## ....
..........##....
..#.............
................
................
.........)......
....$.)o3oo.....
.......)@#o.....
.......34)......
.......[))#.....
................
................
...$........#.##
............# #
..#..........
............


You could see a hellwing (summoned), 2 sixfirhies, an orc sorcerer and 2 orcs.

Vanquished Creatures
  Snorg (D:11)
  4 boulder beetles
  8 hydras
  A catoblepas (Lair:6)
  4 centaur warriors (D:10)
  A deep troll shaman (Lair:6)
  14 death yaks
  5 two-headed ogres
  A death knight (D:10)
  Urug (Lair:3)
  Sonja (D:11)
  A fire crab (Lair:3)
  An orc knight (Orc:1)
  3 ugly things
  2 cyclopes
  A salamander (shapeshifter) (D:10)
  2 deep elf pyromancers
  3 manticores
  9 elephants
  5 black mambas
  Joseph (D:8)
  A molten gargoyle (Lair:2)
  12 cane toads
  5 rime drakes
  2 efreet
  13 komodo dragons
  A yaktaur (D:10)
  2 freezing wraiths
  2 burning bushes (Lair:5)
  A meliai (D:10)
  5 polar bears
  A wind drake (Lair:3)
  3 trolls
  A meliai (shapeshifter) (D:10)
  29 blink frogs
  A wraith (D:12)
  2 wyverns
  38 yaks
  Sigmund (D:3)
  10 fire bats
  5 vampire mosquitoes
  A fire elemental (Lair:2)
  4 steam dragons
  2 death yak simulacra (IceCv)
  A redback (Lair:4)
  3 basilisks
  An acid dragon (D:9)
  A warg (Orc:1)
  Edmund (D:5)
  13 water moccasins
  7 ice beasts
  A black bear (Lair:4)
  2 sky beasts
  6 orc warriors
  6 ogres
  15 wolves
  4 centaurs (D:11)
  4 phantoms
  4 kobold brigands
  11 bullfrogs
  5 scorpions
  A cane toad simulacrum (IceCv)
  A water moccasin zombie (D:5)
  2 wyvern skeletons
  An elephant simulacrum (IceCv)
  9 killer bees
  3 wights (D:6)
  7 electric eels
  2 centaur zombies
  7 howler monkeys
  3 hounds
  A bullfrog zombie (D:6)
  4 jellies (Lair:6)
  9 orc priests
  4 gnoll shamans
  Jessica (D:3)
  8 iguanas
  6 orc wizards
  A wolf simulacrum (IceCv)
  A hound skeleton (D:4)
  A howler monkey zombie (D:10)
  18 gnolls
  7 adders
  A river rat (Sewer)
  3 dart slugs
  33 orcs
  8 ball pythons
  13 endoplasms
  4 giant cockroaches
  6 goblins
  6 hobgoblins
  4 jackals (D:5)
  5 quokkas
  3 bats
  A frilled lizard (D:1)
  14 kobolds
  11 rats
505 creatures vanquished.

Vanquished Creatures (others)
  A blink frog (Lair:6)
  An orc priest (Orc:2)
  A fire vortex (Lair:2)
  27 fungi
  57 plants
87 creatures vanquished.

Grand Total: 592 creatures vanquished

Notes
Turn   | Place    | Note
-------+----------+-------------------------------------------
     0 | D:1      | SnakkuSnakku7 the Hill Orc Fighter began the quest for the
                  | Orb.
     0 | D:1      | Reached XP level 1. HP: 19/19 MP: 1/1
    88 | D:1      | Reached skill level 3 in Axes
   120 | D:1      | Reached XP level 2. HP: 27/27 MP: 2/2
   242 | D:1      | Found a faded altar of an unknown god.
   260 | D:1      | Got Plato's Almanac of Evil Arts
   413 | D:1      | Reached XP level 3. HP: 34/34 MP: 3/3
   766 | D:2      | Reached skill level 4 in Axes
   909 | D:2      | Reached XP level 4. HP: 41/41 MP: 4/4
  1651 | D:3      | Reached skill level 5 in Fighting
  1816 | D:3      | Noticed Sigmund
  1977 | D:3      | Noticed Jessica
  1985 | D:3      | Killed Jessica
  1986 | D:3      | Reached skill level 5 in Axes
  2120 | D:3      | Killed Sigmund
  2121 | D:3      | Reached skill level 6 in Axes
  2121 | D:3      | Reached XP level 5. HP: 34/50 MP: 5/5
  2121 | D:3      | Reached XP level 6. HP: 39/57 MP: 6/6
  2170 | D:4      | Found a glowing drain.
  2182 | Sewer    | Entered a sewer
  2509 | Sewer    | Found a white marble altar of Elyvilon.
  2560 | D:4      | Found a burning altar of Makhleb.
  2697 | D:4      | Reached skill level 7 in Axes
  2697 | D:4      | Reached XP level 7. HP: 48/66 MP: 7/7
  3108 | D:4      | Found an ancient bone altar of Kikubaaqudgha.
  3520 | D:4      | Reached skill level 8 in Axes
  3837 | D:4      | Reached XP level 8. HP: 73/74 MP: 8/8
  3891 | D:4      | Found a broken altar of Ashenzari.
  4229 | D:5      | Entered Level 5 of the Dungeon
  4362 | D:5      | Reached skill level 9 in Axes
  4362 | D:5      | Found Taanun's Overcharged Wands.
  4530 | D:5      | Found a faded altar of an unknown god.
  4531 | D:5      | Noticed Edmund
  4545 | D:5      | Killed Edmund
  4546 | D:5      | Found a hazy altar of Hepliaklqana.
  4601 | D:5      | Reached skill level 10 in Axes
  4748 | D:5      | Found a staircase to the Ecumenical Temple.
  4762 | Temple   | Entered the Ecumenical Temple
  4792 | Temple   | Became a worshipper of the Shining One
  5236 | D:5      | Reached skill level 10 in Fighting
  5250 | D:6      | Reached XP level 9. HP: 85/85 MP: 9/9
  5384 | D:6      | Reached skill level 11 in Axes
  5516 | D:6      | Reached skill level 12 in Axes
  5536 | D:6      | Noticed a +0 dagger
  5536 | D:6      | Noticed a +0 falchion
  5536 | D:6      | Noticed a +0 short sword
  5537 | D:6      | Noticed a +0 falchion
  5538 | D:6      | Noticed a +0 spear
  5538 | D:6      | Reached * piety under the Shining One
  5538 | D:6      | Noticed a +0 short sword
  5538 | D:6      | Noticed a +0 spear
  5539 | D:6      | Noticed a +0 dagger
  5548 | D:6      | Found a hide-covered altar of Uskayaw.
  5804 | D:7      | Reached skill level 13 in Axes
  5887 | D:7      | Found a white marble altar of Elyvilon.
  5947 | D:7      | Found a radiant altar of Vehumet.
  5993 | D:7      | Found a shadowy altar of Dithmenos.
  6554 | D:8      | Found a staircase to the Lair.
  6612 | D:8      | Reached skill level 14 in Axes
  6736 | D:8      | Noticed Joseph
  6754 | D:8      | Killed Joseph
  6755 | D:8      | Reached skill level 15 in Axes
  6755 | D:8      | Reached XP level 10. HP: 72/93 MP: 10/10
  6787 | D:8      | Noticed a two-headed ogre
  6798 | D:8      | Killed a two-headed ogre
  7150 | D:9      | Reached skill level 16 in Axes
  7158 | D:9      | Found a transporter.
  7169 | D:9      | Found a one-way gate to the infinite horrors of the Abyss.
  7169 | D:9      | Noticed DeviousJester's ghost (novice DrFi)
  7204 | D:9      | Reached skill level 5 in Armour
  7222 | D:9      | Noticed a toenail golem
  7222 | D:9      | Noticed a toenail golem
  7235 | D:9      | Noticed a hell hog
  7235 | D:9      | Reached ** piety under the Shining One
  7324 | D:9      | Found an opulent altar of Gozag.
  7324 | D:9      | Found a glowing silver altar of Zin.
  7867 | D:10     | Entered Level 10 of the Dungeon
  7899 | D:10     | Found a burning altar of Makhleb.
  7963 | D:10     | Noticed a two-headed ogre
  7969 | D:10     | Killed a two-headed ogre
  7970 | D:10     | Reached XP level 11. HP: 86/99 MP: 11/11
  7979 | D:10     | Found a bloodstained altar of Trog.
  8035 | D:10     | Found a runed translucent door.
  8052 | D:10     | Noticed a harpy
  8067 | D:10     | Reached skill level 10 in Armour
  8081 | D:10     | Noticed a manticore
  8081 | D:10     | Noticed a deep elf pyromancer
  8081 | D:10     | Noticed a centaur warrior
  8081 | D:10     | Noticed a death knight
  8081 | D:10     | Noticed a centaur warrior
  8081 | D:10     | Noticed a cyclops
  8087 | D:10     | Reached skill level 1 in Evocations
  8094 | D:10     | Killed a manticore
  8102 | D:10     | Killed a centaur warrior
  8103 | D:10     | Noticed a centaur warrior
  8103 | D:10     | Reached *** piety under the Shining One
  8108 | D:10     | Killed a centaur warrior
  8108 | D:10     | Killed a centaur warrior
  8109 | D:10     | Reached skill level 5 in Evocations
  8120 | D:10     | Killed a deep elf pyromancer
  8128 | D:10     | Killed a death knight
  8128 | D:10     | Noticed a centaur warrior
  8136 | D:10     | Killed a centaur warrior
  8237 | D:10     | Noticed a fire crab
  8245 | D:10     | Noticed a salamander
  8245 | D:10     | a fire crab changed into a salamander
  8251 | D:10     | Killed a salamander
  8630 | D:10     | Found a shimmering altar of Xom.
  8867 | D:10     | Got the Papyrus of Clay
  9041 | D:10     | Killed a cyclops
  9300 | D:10     | Noticed a boulder beetle
  9347 | D:9      | Found a transporter.
  9396 | Lair:1   | Entered Level 1 of the Lair of Beasts
  9402 | Lair:1   | Reached XP level 12. HP: 94/106 MP: 12/12
  9806 | Lair:1   | Noticed a six-headed hydra
  9815 | Lair:1   | Killed a six-headed hydra
  9843 | Lair:1   | Reached skill level 10 in Evocations
  9843 | Lair:1   | Reached skill level 1 in Invocations
 10179 | Lair:1   | Reached skill level 5 in Invocations
 10525 | Lair:1   | Identified a scroll of acquirement
 10525 | Lair:1   | Acquired 1240 gold pieces
 11582 | Lair:2   | Reached skill level 10 in Invocations
 12006 | Lair:2   | Noticed a death yak
 12029 | Lair:2   | Killed a death yak
 12145 | Lair:2   | Noticed a death yak
 12159 | Lair:2   | Noticed a death yak
 12159 | Lair:2   | Noticed a death yak
 12159 | Lair:2   | Noticed a death yak
 12188 | Lair:2   | Killed a death yak
 12200 | Lair:2   | Killed a death yak
 12201 | Lair:2   | Reached XP level 13. HP: 75/113 MP: 21/21
 12212 | Lair:2   | Reached skill level 1 in Dodging
 12756 | Lair:3   | Noticed Urug
 12764 | Lair:3   | Killed Urug
 13078 | Lair:3   | Reached skill level 5 in Dodging
 13757 | Lair:3   | Found a staircase to the Shoals.
 14024 | Lair:3   | HP: 5/113 [poisoned by a cane toad]
 14573 | Lair:4   | Identified the +1 robe of Absence {Fly rPois Dex+3}
 15012 | Lair:4   | Found a hole to the Spider Nest.
 16257 | Lair:5   | Reached XP level 14. HP: 93/121 MP: 23/23
 16928 | Lair:6   | Entered Level 6 of the Lair of Beasts
 16930 | Lair:6   | Reached **** piety under the Shining One
 16950 | Lair:6   | Reached skill level 10 in Dodging
 17295 | Lair:6   | Found a staircase to the Slime Pits.
 18999 | Lair:6   | Got the Incunabulum of Summoning
 19367 | D:11     | Reached skill level 15 in Fighting
 19367 | D:11     | Reached XP level 15. HP: 104/141 MP: 24/24
 19412 | D:11     | Noticed Psyche
 19417 | D:11     | Noticed Psyche
 19417 | D:11     | Psyche changed into Psyche the steam dragon
 19421 | D:11     | Killed Psyche the steam dragon
 19509 | D:11     | Noticed Sonja
 19516 | D:11     | Killed Sonja
 19593 | D:11     | Noticed Snorg
 19607 | D:11     | Killed Snorg
 20143 | D:12     | Identified the +3 chain mail of Woziasaf {rF+ Dex+2}
 20194 | D:12     | You fall into a shaft and drop 3 floors!
 20194 | D:15     | Entered Level 15 of the Dungeon
 20554 | D:12     | Found a frozen archway.
 20561 | IceCv    | Entered an ice cave
 20567 | IceCv    | Reached ***** piety under the Shining One
 20582 | IceCv    | Found a transporter.
 20602 | IceCv    | Found a transporter.
 21212 | D:12     | Found a staircase to the Orcish Mines.
 21263 | Orc:1    | Entered Level 1 of the Orcish Mines
 21322 | Orc:2    | Entered Level 2 of the Orcish Mines
 21526 | Orc:2    | Paralysed by an orc sorcerer for 7 turns
 21532 | Orc:2    | Slain by a sixfirhy

Illustrated notes

Levels and vault maps discovered:
D:1:      ncdulo_halloftheorcs, layout_basic,
          shapermc_ecumenical_altar_rom_forum
D:2:      layout_loops_ring, moated_statue, item_on_display_b
D:3:      wad_crossroads, layout_basic, uniq_jessica, uniq_sigmund
D:4:      kennysheep_six_static_rooms, layout_layer_cave,
          general_overflow_altar, nicolae_overflow_hidden_temple,
          mainiacjoe_overflow_catwalk, portal_sewer_entry_d,
          amcnicky_mini_corridor_feature
D:5:      layout_loops_ring, beargit_hepliaklqana_dungeon_heroes,
          minmay_temple_entry_junction, nicolae_shop_overcharged_wands
D:6:      layout_rooms, nicolae_uskayaw_en_pointe, serial_glass,
          glass_columns_a, glass_columns_c, kennysheep_another_room
D:7:      layout_rooms, lemuel_round_altar, nicolae_elyvilon_temple_path,
          fiery_altar_vehumet, kennysheep_decorative_pillar
D:8:      layout_loops_ring, lair_entry_dummy, hangedman_decor_points,
          nicolae_concentric_dashed_squares_mild, uniq_joseph
D:9:      layout_loops_ring, grunt_temple_overflow_gold_and_silver,
          gammafunk_ghost_abyssal_escape
D:10:     minmay_the_grid_triangle_9x9_recursive_2
          [minmay_the_grid_triangle_9x9_prize_insulated,
          minmay_the_grid_triangle_9x9_subtriangle,
          minmay_the_grid_triangle_9x9_semitri,
          minmay_the_grid_triangle_9x9_warning], layout_rooms,
          kennysheep_little_box, mainiacjoe_overflow_alcove_4,
          minmay_misc_feat_rows, chequers_avenue, minivault_1,
          david_defended_altar_orc
D:11:     layout_cave_pods, minmay_variable_closet, uniq_snorg, uniq_sonja,
          uniq_psyche
D:12:     minmay_klotski, layout_basic, portal_ice_cave_entry_pillars_2
D:13:     layout_roguey, serial_bayou, serial_bayou_shore_b,
          serial_bayou_pond_c, serial_bayou_pond_e, serial_bayou_crossing,
          serial_bayou_pond_c
D:14:     minmay_blocky_corners, layout_basic, erik_vaults_1
D:15:     grunt_enter_depths_hoard, layout_rooms,
          hellmonk_guarded_unrand_staff_of_battle
Temple:   dpeg_chambers_temple
Lair:1:   beast_lair_carwin_large_2, layout_loops_ring
Lair:2:   layout_chaotic_city, grunt_megastairs_2, infiniplex_staircase_pool_2
Lair:3:   layout_long_grid, minmay_shoals_entry_beasts, serial_bayou_pond_a,
          beast_lair_carwin_3, uniq_urug
Lair:4:   layout_gridlike, spider_nest_entry_a, nicolae_lair_lil_pond
Lair:5:   layout_roguey, evilmike_ambush [evilmike_ambush_outer_doors,
          evilmike_ambush_inner_basic]
Lair:6:   grunt_lair_end_beastmaster, layout_regular_city,
          nicolae_slime_entry_slimehenge, ice2_lemuel, serial_bayou_shore_b,
          grunt_megastairs_5, serial_bayou_shore_b
Orc:1:    layout_diamond_mine
Orc:2:    grunt_orc_tribal_feast, layout_caves

Skill      XL: |  1  2  3  4  5  6  7  8  9 10 11 12 13 14 15 |
---------------+----------------------------------------------+-----
Axes           | 3 4 6 7 8 10 15 16 | 16.0
Fighting       | 4 6 7 8 10 15 | 15.0
Armour         | 9 10 12 | 12.3
Evocations     | 8 10 | 10.0
Invocations    | 11 12 | 12.0
Dodging        | 8 10 | 10.0
Shields        | |  3.2

Action                   |  1- 3 |  4- 6 |  7- 9 | 10-12 | 13-15 || total
-------------------------+-------+-------+-------+-------+-------++-------
Melee: War axe           |    93 |    99 |   294 |   518 |   822 ||  1826
       Broad axe         |       |       |       |       |    17 ||    17
Throw: Dart              |       |       |     7 |     9 |     9 ||    25
       Throwing net      |       |       |     2 |     2 |     1 ||     5
Invok: Cleansing Flame   |       |       |       |       |     6 ||     6
Evoke: Lightning rod     |       |       |       |     5 |    15 ||    20
       Wand              |       |       |       |     6 |    42 ||    48
  Use: Scroll            |       |       |     6 |    12 |    11 ||    29
       Potion            |       |       |       |     3 |       ||     3
 Stab: Held in net/web   |       |       |     1 |       |       ||     1
Armor: Scale mail        |    48 |     1 |       |       |       ||    49
       Plate armour      |       |    56 |   170 |   288 |   378 ||   892
       Chain mail        |       |       |       |       |    99 ||    99
Dodge: Dodged            |    44 |    23 |    63 |   110 |   380 ||   620
       Repelled          |       |       |       |       |     7 ||     7
Block: Buckler           |    21 |    15 |    52 |    66 |   218 ||   372
       Reflection        |       |       |       |       |     4 ||     4
